New York Rangers vs Detroit Red Wings
Created - Sunday, December 15, 2024 at 09:05
Goals
|
| New York Rangers |
1 |
1 |
1 |
3 |
| Detroit Red Wings |
3 |
0 |
1 |
4 |
|
Shots
|
| New York Rangers |
14 |
7 |
16 |
37 |
| Detroit Red Wings |
14 |
6 |
11 |
31 |
|
1st period
1. Detroit Red Wings , Jared McCann 1 (Patrick Kane 1, Steven Stamkos 1) at 6:32
2. Detroit Red Wings , Patrick Kane 1 (Steven Stamkos 2) at 6:44 (PP)
3. Detroit Red Wings , Patrick Kane 2 (Jared McCann 1, Steven Stamkos 3) at 11:34
4. New York Rangers , Cole Caufield 1 (Nathan MacKinnon 1, Dylan Strome 1) at 13:59 (PP)
Penalties :
Jake McCabe (NYR) for Slashing (Minor) at 6:41, Christian Fischer (DET) for Fighting (Major) at 9:58, David Kampf (NYR) for Fighting (Major) at 9:58, Carter Verhaeghe (DET) for Slashing (Double Minor) at 12:40
2nd period
5. New York Rangers , Artemi Panarin 1 (Cam Fowler 1) at 1:00
Penalties :
Matthew Boldy (DET) for Cross-checking (Minor) at 4:22
3rd period
6. New York Rangers , Cole Caufield 2 (Mikael Granlund 1) at 2:24
7. Detroit Red Wings , Matthew Boldy 1 (Zachary Werenski 1, Mika Zibanejad 1) at 3:57 (PP)
Penalties :
Jake McCabe (NYR) for Holding (Minor) at 3:47, Brendan Smith (NYR) for Interference (Minor) at 10:29, Raphael Lavoie (DET) for Tripping (Minor) at 16:34
Goalie Stats
Igor Shesterkin (NYR), 27 saves from 31 shots - (0.871), L, 0-1-0, 58:44 minutes
Calvin Pickard (DET), 34 saves from 37 shots - (0.919), W, 1-0-0, 60:00 minutes
Players Stats for New York Rangers
Player Name G A P +/- PIM S H SB GA TA FO MP PP MP PK MP
------------------------------------------------------------------------------------
Adam Larsson 0 0 0 0 0 0 2 0 0 0 0/0 19:13 0:00 1:31
Artemi Panarin 1 0 1 1 0 3 0 0 2 1 1/2 19:12 3:26 0:00
Brendan Smith 0 0 0 1 2 0 1 1 0 1 0/0 15:57 0:03 0:10
Cam Fowler 0 1 1 1 0 0 1 1 0 0 0/0 20:38 3:26 0:04
Cole Caufield 2 0 2 0 0 7 0 0 1 0 0/1 15:31 3:19 0:00
Conor Garland 0 0 0 0 0 2 0 0 0 0 0/0 7:49 0:00 0:00
David Kampf 0 0 0 0 5 2 1 0 0 0 3/7 8:54 0:03 1:11
Dmitry Kulikov 0 0 0 -1 0 1 0 0 0 2 0/0 15:07 0:00 0:00
Dylan Strome 0 1 1 1 0 0 1 0 0 1 10/18 19:10 3:19 0:00
Jake McCabe 0 0 0 0 4 1 1 2 0 0 0/0 24:23 3:50 1:07
Joe Pavelski 0 0 0 0 0 1 0 0 0 0 5/13 16:18 3:54 0:00
Marcus Foligno 0 0 0 0 0 4 0 0 0 0 2/2 8:58 0:00 1:01
Mathew Barzal 0 0 0 -1 0 5 2 2 2 1 1/2 18:37 3:54 0:00
Matthew Benning 0 0 0 -1 0 0 2 1 1 0 0/0 16:47 0:00 1:32
Mikael Granlund 0 1 1 0 0 0 2 2 0 1 0/2 13:16 0:00 1:01
Nathan MacKinnon 0 1 1 1 0 2 0 1 1 0 1/2 19:07 3:22 0:00
Nikolaj Ehlers 0 0 0 -1 0 6 1 1 1 1 0/2 18:22 3:54 0:00
Teuvo Teravainen 0 0 0 -1 0 3 1 0 0 0 6/18 20:25 3:50 1:11
Players Stats for Detroit Red Wings
Player Name G A P +/- PIM S H SB GA TA FO MP PP MP PK MP
------------------------------------------------------------------------------------
Brendan Gallagher 0 0 0 -1 0 1 1 0 1 0 0/0 6:39 0:00 0:00
Carter Verhaeghe 0 0 0 0 4 2 2 2 1 0 1/3 18:44 1:13 0:00
Christian Fischer 0 0 0 -1 5 2 2 1 0 0 0/1 10:03 0:00 0:21
Daniel Sprong 0 0 0 -1 0 3 0 1 1 0 0/0 10:10 0:00 0:09
Jackson LaCombe 0 0 0 -1 0 1 0 2 0 0 0/0 17:46 0:00 3:39
Jared McCann 1 1 2 2 0 2 3 0 1 1 2/5 21:08 0:59 3:34
Keegan Kolesar 0 0 0 -1 0 0 1 0 0 0 0/0 9:45 0:00 3:23
Kevin Shattenkirk 0 0 0 -1 0 1 1 0 0 0 0/0 13:17 0:52 0:00
Kevin Stenlund 0 0 0 -1 0 0 0 1 0 1 4/8 9:54 0:00 3:30
MacKenzie Weegar 0 0 0 1 0 2 1 1 0 2 0/0 27:37 1:20 3:39
Matthew Boldy 1 0 1 0 2 5 4 1 1 0 0/0 18:45 1:13 0:00
Mika Zibanejad 0 1 1 0 0 1 6 0 1 1 8/16 22:10 1:13 3:24
Patrick Kane 2 1 3 2 0 4 0 0 0 0 0/0 17:34 0:59 0:00
Raphael Lavoie 0 0 0 -1 2 0 0 1 0 0 6/9 10:01 0:00 0:00
Shayne Gostisbehere 0 0 0 0 0 3 0 0 0 0 0/0 17:08 1:20 0:00
Steven Stamkos 0 3 3 2 0 3 0 0 0 0 19/27 18:08 0:59 0:32
Zach Bogosian 0 0 0 0 0 1 3 1 0 1 0/0 19:06 0:00 3:37
Zachary Werenski 0 1 1 1 0 0 1 0 2 2 0/0 25:06 0:52 3:37
3 Stars
1 - Patrick Kane (DET)
2 - Jared McCann (DET)
3 - Steven Stamkos (DET)
Power Play
New York Rangers - 1 on 4 Attempt(s) - 25.00%
Detroit Red Wings - 2 on 3 Attempt(s) - 66.67%
Penalty Kill
New York Rangers - 1 on 3 Attempt(s) - 33.33%
- Score 0 goal in Penalty Kill
Detroit Red Wings - 3 on 4 Attempt(s) - 75.00%
- Score 0 goal in Penalty Kill
Team Stat
New York Rangers - Hits : 15 - Faceoff Wins : 29 - Blocked Shots : 11 - Penalty Minutes : 11
Detroit Red Wings - Hits : 25 - Faceoff Wins : 40 - Blocked Shots : 11 - Penalty Minutes : 13
Official
Referees : Marc Joannette and Brandon Schrader
Linesman : Brandon Gawryletz and Dan Kelly
Game Notes
Christian Fischer and David Kampf fight to a draw at 9:58 of 1st period
11:34 of 1st period - Detroit Red Wings goal is going for a video replay. After video review, Goal.
Finance
Level 1 -- Attendance: 5940 (99.00%) -- Ticket Income $594,000
Level 2 -- Attendance: 4149 (82.98%) -- Ticket Income $248,940
Level 3 -- Attendance: 2606 (86.87%) -- Ticket Income $91,210
Level 4 -- Attendance: 4428 (88.56%) -- Ticket Income $110,700
Luxury Box -- Attendance: 957 (95.70%) -- Ticket Income $191,400
Game was played at the Joe Louis Arena.
Total Attendance: 18080 (90.40%)
Total Ticket Income: $1,236,250
Other Income: $432,688
Total Income: $1,668,938
New York Rangers
5 vs 5 Forward
Center Left Wing Right Wing Time % Phy DF OF
1 Dylan Strome Artemi Panarin Nathan MacKinnon 30 0 1 4
2 Teuvo Teravainen Nikolaj Ehlers Mathew Barzal 30 0 2 3
3 Joe Pavelski Cole Caufield Mikael Granlund 25 1 2 2
4 David Kampf Marcus Foligno Conor Garland 15 1 2 2
5 vs 5 Defense
Defense Defense Time % Phy DF OF
1 Adam Larsson Jake McCabe 36 1 2 2
2 Cam Fowler Brendan Smith 33 1 2 2
3 Matthew Benning Dmitry Kulikov 31 1 2 2
4 Cam Fowler Adam Larsson 0 1 2 2
PowerPlay Forward
Center Left Wing Right Wing Time % Phy DF OF
1 Dylan Strome Cole Caufield Nathan MacKinnon 50 0 1 4
2 Joe Pavelski Nikolaj Ehlers Mathew Barzal 50 0 2 3
PowerPlay Defense
Defense Defense Time % Phy DF OF
1 Cam Fowler Artemi Panarin 50 0 2 3
2 Jake McCabe Teuvo Teravainen 50 0 2 3
Penalty Kill 4 Players Forward
Center Wing Time % Phy DF OF
1 Mikael Granlund Marcus Foligno 50 1 3 1
2 David Kampf Teuvo Teravainen 50 1 3 1
Penalty Kill 4 Players Defense
Defense Defense Time % Phy DF OF
1 Matthew Benning Adam Larsson 50 1 3 1
2 Jake McCabe Brendan Smith 50 1 3 1
Penalty Kill - 3 Players Forward
Forward Time % Phy DF OF
1 David Kampf 50 1 3 1
2 Mikael Granlund 50 1 3 1
Penalty Kill - 3 Players Defense
Defense Defense Time % Phy DF OF
1 Matthew Benning Adam Larsson 50 1 3 1
2 Jake McCabe Brendan Smith 50 1 3 1
4 vs 4 Forward
Center Wing Time % Phy DF OF
1 Nathan MacKinnon Artemi Panarin 50 1 2 2
2 Dylan Strome Teuvo Teravainen 50 1 2 2
4 vs 4 Defense
Defense Defense Time % Phy DF OF
1 Cam Fowler Adam Larsson 50 1 2 2
2 Jake McCabe Brendan Smith 50 1 2 2
Last Minutes Offensive
Center Left Wing Right Wing Defense Defense
Dylan Strome Artemi Panarin Nathan MacKinnon Jake McCabe Cam Fowler
Last Minutes Defensive
Center Left Wing Right Wing Defense Defense
David Kampf Marcus Foligno Mikael Granlund Matthew Benning Adam Larsson
Goaltenders
Starting : Igor Shesterkin
Backup : Kevin Lankinen
Extra Forwards
Normal : Joe Pavelski, Teuvo Teravainen, Dylan Strome - PP : David Kampf, Teuvo Teravainen - PK : Dylan Strome
Extra Defensemen
Normal : Dmitry Kulikov, Matthew Benning, Jake McCabe - PP : Dmitry Kulikov - PK : Matthew Benning, Jake McCabe
Penalty Shots
Artemi Panarin, Cole Caufield, David Kampf, Nathan MacKinnon, Joe Pavelski
Scratches
None
Detroit Red Wings
5 vs 5 Forward
Center Left Wing Right Wing Time % Phy DF OF
1 Steven Stamkos Jared McCann Patrick Kane 35 1 2 2
2 Mika Zibanejad Carter Verhaeghe Matthew Boldy 35 1 2 2
3 Raphael Lavoie Daniel Sprong Christian Fischer 20 1 2 2
4 Kevin Stenlund Brendan Gallagher Keegan Kolesar 10 2 2 1
5 vs 5 Defense
Defense Defense Time % Phy DF OF
1 Zachary Werenski MacKenzie Weegar 40 1 2 2
2 Zach Bogosian Shayne Gostisbehere 30 1 2 2
3 Jackson LaCombe Kevin Shattenkirk 20 3 1 1
4 Jackson LaCombe MacKenzie Weegar 10 1 2 2
PowerPlay Forward
Center Left Wing Right Wing Time % Phy DF OF
1 Steven Stamkos Jared McCann Patrick Kane 50 0 1 4
2 Mika Zibanejad Carter Verhaeghe Matthew Boldy 50 0 1 4
PowerPlay Defense
Defense Defense Time % Phy DF OF
1 Shayne Gostisbehere MacKenzie Weegar 50 1 2 2
2 Zachary Werenski Kevin Shattenkirk 50 1 2 2
Penalty Kill 4 Players Forward
Center Wing Time % Phy DF OF
1 Mika Zibanejad Jared McCann 50 2 2 1
2 Kevin Stenlund Keegan Kolesar 50 2 2 1
Penalty Kill 4 Players Defense
Defense Defense Time % Phy DF OF
1 Jackson LaCombe MacKenzie Weegar 50 2 2 1
2 Zach Bogosian Zachary Werenski 50 2 2 1
Penalty Kill - 3 Players Forward
Forward Time % Phy DF OF
1 Mika Zibanejad 50 1 2 2
2 Steven Stamkos 50 1 2 2
Penalty Kill - 3 Players Defense
Defense Defense Time % Phy DF OF
1 Jackson LaCombe MacKenzie Weegar 50 1 2 2
2 Zach Bogosian Zachary Werenski 50 2 2 1
4 vs 4 Forward
Center Wing Time % Phy DF OF
1 Mika Zibanejad Carter Verhaeghe 60 1 2 2
2 Steven Stamkos Matthew Boldy 40 1 1 3
4 vs 4 Defense
Defense Defense Time % Phy DF OF
1 Zachary Werenski MacKenzie Weegar 60 1 2 2
2 Zach Bogosian Jackson LaCombe 40 1 2 2
Last Minutes Offensive
Center Left Wing Right Wing Defense Defense
Mika Zibanejad Carter Verhaeghe Matthew Boldy Zachary Werenski MacKenzie Weegar
Last Minutes Defensive
Center Left Wing Right Wing Defense Defense
Mika Zibanejad Carter Verhaeghe Matthew Boldy Zachary Werenski MacKenzie Weegar
Goaltenders
Starting : Calvin Pickard
Backup : Laurent Brossoit
Extra Forwards
Normal : Raphael Lavoie, Christian Fischer, Daniel Sprong - PP : Kevin Stenlund, Daniel Sprong - PK : Steven Stamkos
Extra Defensemen
Normal : Kevin Shattenkirk, Jackson LaCombe, MacKenzie Weegar - PP : Kevin Shattenkirk - PK : Kevin Shattenkirk, Jackson LaCombe
Penalty Shots
Mika Zibanejad, Steven Stamkos, Matthew Boldy, Carter Verhaeghe, Jared McCann
Scratches
Alexander Barabanov (Healthy), Philippe Myers (Healthy), Vitek Vanecek (Healthy)
% Time on Ice - New York Rangers
Lines # - Real PCT - Wanted PCT - Time Play
Normal Forward
1 - 30% - 30% - 14:57
2 - 29% - 30% - 14:28
3 - 25% - 25% - 12:07
4 - 16% - 15% - 7:49
Normal Defense
1 - 35% - 36% - 17:21
2 - 34% - 33% - 16:32
3 - 31% - 31% - 15:07
4 - 1% - 0% - 0:21
PP Forward
1 - 46% - 50% - 3:22
2 - 54% - 50% - 3:54
PP Defense
1 - 47% - 50% - 3:26
2 - 53% - 50% - 3:50
PK Forward
1 - 46% - 50% - 1:01
2 - 54% - 50% - 1:11
PK Defense
1 - 39% - 50% - 0:51
2 - 61% - 50% - 1:21
PK3 Forward
1 - 0% - 50%
2 - 0% - 50%
PK3 Defense
1 - 0% - 50%
2 - 0% - 50%
44 Forward
1 - 0% - 50%
2 - 0% - 50%
44 Defense
1 - 0% - 50%
2 - 0% - 50%
Last Minute Offensive - 1:11
Last Minute Defensive - 0:00
Total
Forward - 60:00
Defense - 60:00
|
% Time on Ice - Detroit Red Wings
Lines # - Real PCT - Wanted PCT - Time Play
Normal Forward
1 - 34% - 35% - 16:36
2 - 33% - 35% - 16:23
3 - 20% - 20% - 10:00
4 - 13% - 10% - 6:22
Normal Defense
1 - 39% - 40% - 19:11
2 - 33% - 30% - 16:03
3 - 24% - 20% - 11:51
4 - 5% - 10% - 2:16
PP Forward
1 - 45% - 50% - 0:59
2 - 55% - 50% - 1:13
PP Defense
1 - 61% - 50% - 1:20
2 - 39% - 50% - 0:52
PK Forward
1 - 50% - 50% - 3:39
2 - 50% - 50% - 3:37
PK Defense
1 - 50% - 50% - 3:39
2 - 50% - 50% - 3:37
PK3 Forward
1 - 0% - 50%
2 - 0% - 50%
PK3 Defense
1 - 0% - 50%
2 - 0% - 50%
44 Forward
1 - 0% - 60%
2 - 0% - 40%
44 Defense
1 - 0% - 60%
2 - 0% - 40%
Last Minute Offensive - 0:00
Last Minute Defensive - 1:11
Total
Forward - 60:00
Defense - 60:00
|
Play-by-Play
1st period
0:01 of 1st period - Nathan MacKinnon wins face-off versus Steven Stamkos in neutral zone.
0:04 of 1st period - Slapshot by Steven Stamkos.
0:04 of 1st period - Shot Misses the Net.
0:06 of 1st period - Snap shot by Jared McCann.
0:06 of 1st period - Shot Misses the Net.
0:08 of 1st period - Wrist shot by Steven Stamkos.
0:08 of 1st period - Shot Misses the Net.
0:26 of 1st period - Carter Verhaeghe is hit by Teuvo Teravainen and loses puck.
0:50 of 1st period - Slapshot by MacKenzie Weegar.
0:50 of 1st period - Stopped by Igor Shesterkin without a rebound.
0:51 of 1st period - Raphael Lavoie wins face-off versus Joe Pavelski in New York Rangers zone.
1:24 of 1st period - Snap shot by Marcus Foligno.
1:24 of 1st period - Stopped by Calvin Pickard with a rebound.
1:26 of 1st period - Snap shot by Brendan Smith.
1:26 of 1st period - Shot Blocked by Kevin Stenlund.
2:04 of 1st period - Wrist shot by Mathew Barzal.
2:04 of 1st period - Deflect By Jackson LaCombe.
2:04 of 1st period - Shot Blocked by Carter Verhaeghe.
2:04 of 1st period - Puck is out of play.
2:05 of 1st period - Mika Zibanejad wins face-off versus Teuvo Teravainen in Detroit Red Wings zone.
2:43 of 1st period - Snap shot by Cole Caufield.
2:43 of 1st period - Stopped by Calvin Pickard with a rebound.
2:53 of 1st period - Slapshot by Christian Fischer.
2:53 of 1st period - Shot Misses the Net.
4:11 of 1st period - Snap shot by Cole Caufield.
4:11 of 1st period - Shot Misses the Net.
5:09 of 1st period - Snap shot by Brendan Gallagher.
5:09 of 1st period - Stopped by Igor Shesterkin without a rebound.
5:10 of 1st period - Kevin Stenlund wins face-off versus Teuvo Teravainen in New York Rangers zone.
5:25 of 1st period - Wrist shot by Mathew Barzal.
5:25 of 1st period - Shot Blocked by MacKenzie Weegar.
6:10 of 1st period - Backhand shot by Matthew Boldy.
6:10 of 1st period - Stopped by Igor Shesterkin without a rebound.
6:11 of 1st period - Steven Stamkos wins face-off versus Teuvo Teravainen in New York Rangers zone.
6:16 of 1st period - Slapshot by Steven Stamkos.
6:16 of 1st period - Stopped by Igor Shesterkin without a rebound.
6:17 of 1st period - Steven Stamkos wins face-off versus Teuvo Teravainen in New York Rangers zone.
6:20 of 1st period - Wrist shot by Patrick Kane.
6:20 of 1st period - Shot Misses the Net.
6:32 of 1st period - Slapshot by Jared McCann.
6:32 of 1st period - Goal by Jared McCann - New York Rangers : 0 - Detroit Red Wings : 1.
6:33 of 1st period - Mika Zibanejad wins face-off versus Joe Pavelski in neutral zone.
6:36 of 1st period - Wrist shot by Mika Zibanejad.
6:36 of 1st period - Shot Blocked by Jake McCabe.
6:41 of 1st period - Minor Penalty to Jake McCabe for Slashing.
6:42 of 1st period - Steven Stamkos wins face-off versus Mikael Granlund in New York Rangers zone.
6:44 of 1st period - Snap shot by Patrick Kane.
6:44 of 1st period - Goal by Patrick Kane - New York Rangers : 0 - Detroit Red Wings : 2.
6:45 of 1st period - Joe Pavelski wins face-off versus Mika Zibanejad in neutral zone.
7:39 of 1st period - Snap shot by Mathew Barzal.
7:39 of 1st period - Shot Misses the Net.
7:41 of 1st period - Slapshot by Brendan Smith.
7:41 of 1st period - Shot Misses the Net.
8:47 of 1st period - Snap shot by Nathan MacKinnon.
8:47 of 1st period - Shot Misses the Net.
8:57 of 1st period - Slapshot by Patrick Kane.
8:57 of 1st period - Stopped by Igor Shesterkin with a rebound.
8:59 of 1st period - Slapshot by Zach Bogosian.
8:59 of 1st period - Shot Misses the Net.
9:01 of 1st period - Wrist shot by Steven Stamkos.
9:01 of 1st period - Stopped by Igor Shesterkin without a rebound.
9:02 of 1st period - Steven Stamkos wins face-off versus Teuvo Teravainen in New York Rangers zone.
9:49 of 1st period - Off-side.
9:50 of 1st period - Raphael Lavoie wins face-off versus David Kampf in neutral zone.
9:58 of 1st period - Christian Fischer and David Kampf fight to a draw.
9:58 of 1st period - Penalty to Christian Fischer for Fighting.
9:58 of 1st period - Penalty to David Kampf for Fighting.
9:59 of 1st period - Steven Stamkos wins face-off versus Mikael Granlund in neutral zone.
11:30 of 1st period - Wrist shot by Patrick Kane.
11:30 of 1st period - Deflect By Cole Caufield.
11:30 of 1st period - Shot Misses the Net.
11:30 of 1st period - Puck is out of play.
11:31 of 1st period - Steven Stamkos wins face-off versus Joe Pavelski in New York Rangers zone.
11:32 of 1st period - Snap shot by Jared McCann.
11:32 of 1st period - Shot Misses the Net.
11:34 of 1st period - Backhand shot by Patrick Kane.
11:34 of 1st period - Detroit Red Wings goal is going for a video replay.
11:34 of 1st period - The goal is good.
11:34 of 1st period - Goal by Patrick Kane - New York Rangers : 0 - Detroit Red Wings : 3.
11:35 of 1st period - Steven Stamkos wins face-off versus Teuvo Teravainen in neutral zone.
12:04 of 1st period - Icing by Carter Verhaeghe.
12:05 of 1st period - Dylan Strome wins face-off versus Mika Zibanejad in Detroit Red Wings zone.
12:12 of 1st period - Snap shot by Artemi Panarin.
12:12 of 1st period - Shot Misses the Net.
12:18 of 1st period - Mika Zibanejad is hit by Matthew Benning and loses puck.
12:40 of 1st period - Double Minor Penalty to Carter Verhaeghe for Slashing.
12:41 of 1st period - Joe Pavelski wins face-off versus Kevin Stenlund in Detroit Red Wings zone.
12:45 of 1st period - Wrist shot by Joe Pavelski.
12:45 of 1st period - Stopped by Calvin Pickard with a rebound.
12:47 of 1st period - Wrist shot by Mathew Barzal.
12:47 of 1st period - Shot Blocked by Jackson LaCombe.
12:51 of 1st period - Slapshot by Mathew Barzal.
12:51 of 1st period - Stopped by Calvin Pickard with a rebound.
13:49 of 1st period - Snap shot by Nikolaj Ehlers.
13:49 of 1st period - Stopped by Calvin Pickard without a rebound.
13:50 of 1st period - Dylan Strome wins face-off versus Kevin Stenlund in Detroit Red Wings zone.
13:57 of 1st period - Snap shot by Cole Caufield.
13:57 of 1st period - Shot Misses the Net.
13:59 of 1st period - Snap shot by Cole Caufield.
13:59 of 1st period - Goal by Cole Caufield - New York Rangers : 1 - Detroit Red Wings : 3.
14:00 of 1st period - Mika Zibanejad wins face-off versus Dylan Strome in neutral zone.
14:09 of 1st period - Slapshot by Cole Caufield.
14:09 of 1st period - Shot Blocked by Zach Bogosian.
14:11 of 1st period - Snap shot by Dylan Strome.
14:11 of 1st period - Deflect By Zachary Werenski.
14:11 of 1st period - Shot Misses the Net.
14:11 of 1st period - Puck is out of play.
14:12 of 1st period - Kevin Stenlund wins face-off versus Dylan Strome in Detroit Red Wings zone.
14:23 of 1st period - Snap shot by Cole Caufield.
14:23 of 1st period - Stopped by Calvin Pickard with a rebound.
14:45 of 1st period - Snap shot by Mathew Barzal.
14:45 of 1st period - Stopped by Calvin Pickard with a rebound.
14:47 of 1st period - Slapshot by Nikolaj Ehlers.
14:47 of 1st period - Stopped by Calvin Pickard with a rebound.
14:49 of 1st period - Slapshot by Jake McCabe.
14:49 of 1st period - Stopped by Calvin Pickard with a rebound.
14:51 of 1st period - Slapshot by Teuvo Teravainen.
14:51 of 1st period - Stopped by Calvin Pickard without a rebound.
14:52 of 1st period - Jared McCann wins face-off versus Joe Pavelski in Detroit Red Wings zone.
14:58 of 1st period - Penalty to Christian Fischer is over, Christian Fischer is back on ice.
15:12 of 1st period - Snap shot by Nikolaj Ehlers.
15:12 of 1st period - Deflect By Mathew Barzal.
15:12 of 1st period - Stopped by Calvin Pickard with a rebound.
15:16 of 1st period - Slapshot by Mathew Barzal.
15:16 of 1st period - Shot Misses the Net.
15:18 of 1st period - Wrist shot by Mathew Barzal.
15:18 of 1st period - Stopped by Calvin Pickard without a rebound.
15:19 of 1st period - Kevin Stenlund wins face-off versus Dylan Strome in Detroit Red Wings zone.
15:59 of 1st period - Penalty to Carter Verhaeghe is over, Carter Verhaeghe is back on ice.
16:05 of 1st period - Snap shot by Daniel Sprong.
16:05 of 1st period - Shot Misses the Net.
16:43 of 1st period - Mathew Barzal is hit by MacKenzie Weegar and loses puck.
17:02 of 1st period - Snap shot by Brendan Gallagher.
17:02 of 1st period - Shot Misses the Net.
17:04 of 1st period - Slapshot by Shayne Gostisbehere.
17:04 of 1st period - Deflect By Mathew Barzal.
17:04 of 1st period - Stopped by Igor Shesterkin without a rebound.
17:05 of 1st period - Joe Pavelski wins face-off versus Steven Stamkos in New York Rangers zone.
17:05 of 1st period - Joe Pavelski is hit by Jared McCann.
17:53 of 1st period - Marcus Foligno is hit by Christian Fischer and loses puck.
18:34 of 1st period - Snap shot by Kevin Stenlund.
18:34 of 1st period - Shot Misses the Net.
18:36 of 1st period - Slapshot by Jared McCann.
18:36 of 1st period - Shot Blocked by Mathew Barzal.
18:42 of 1st period - Snap shot by Patrick Kane.
18:42 of 1st period - Stopped by Igor Shesterkin with a rebound.
18:44 of 1st period - Snap shot by Jared McCann.
18:44 of 1st period - Shot Misses the Net.
18:46 of 1st period - Slapshot by Jackson LaCombe.
18:46 of 1st period - Stopped by Igor Shesterkin with a rebound.
18:48 of 1st period - Slapshot by Jared McCann.
18:48 of 1st period - Stopped by Igor Shesterkin with a rebound.
19:08 of 1st period - Wrist shot by Nathan MacKinnon.
19:08 of 1st period - Shot Blocked by Matthew Boldy.
19:10 of 1st period - Snap shot by Dmitry Kulikov.
19:10 of 1st period - Shot Misses the Net.
19:22 of 1st period - Wrist shot by Daniel Sprong.
19:22 of 1st period - Deflect By Christian Fischer.
19:22 of 1st period - Stopped by Igor Shesterkin without a rebound.
19:23 of 1st period - David Kampf wins face-off versus Raphael Lavoie in New York Rangers zone.
19:34 of 1st period - Slapshot by Marcus Foligno.
19:34 of 1st period - Stopped by Calvin Pickard without a rebound.
19:35 of 1st period - Steven Stamkos wins face-off versus Teuvo Teravainen in Detroit Red Wings zone.
Goals for this period are 1 for New York Rangers vs 3 for Detroit Red Wings.
Shots for this period are 14 for New York Rangers vs 14 for Detroit Red Wings.
2nd period
0:01 of 2nd period - Steven Stamkos wins face-off versus Cole Caufield in neutral zone.
0:11 of 2nd period - Zachary Werenski is hit by Mikael Granlund.
0:27 of 2nd period - Nikolaj Ehlers is hit by Carter Verhaeghe.
0:33 of 2nd period - Snap shot by Matthew Boldy.
0:33 of 2nd period - Shot Blocked by Brendan Smith.
0:41 of 2nd period - Backhand shot by Matthew Boldy.
0:41 of 2nd period - Shot Blocked by Nikolaj Ehlers.
0:53 of 2nd period - Daniel Sprong is hit by Brendan Smith and loses puck.
1:00 of 2nd period - Snap shot by Artemi Panarin.
1:00 of 2nd period - Goal by Artemi Panarin - New York Rangers : 2 - Detroit Red Wings : 3.
1:01 of 2nd period - Artemi Panarin wins face-off versus Jared McCann in neutral zone.
1:28 of 2nd period - Mikael Granlund is hit by Matthew Boldy and loses puck.
1:46 of 2nd period - Icing by Jake McCabe.
1:47 of 2nd period - Raphael Lavoie wins face-off versus Joe Pavelski in New York Rangers zone.
1:48 of 2nd period - Slapshot by Daniel Sprong.
1:48 of 2nd period - Stopped by Igor Shesterkin without a rebound.
1:49 of 2nd period - Teuvo Teravainen wins face-off versus Steven Stamkos in New York Rangers zone.
1:59 of 2nd period - Icing by Dmitry Kulikov.
2:00 of 2nd period - Steven Stamkos wins face-off versus Nikolaj Ehlers in New York Rangers zone.
2:37 of 2nd period - Dmitry Kulikov is hit by Carter Verhaeghe and loses puck.
2:48 of 2nd period - Snap shot by Daniel Sprong.
2:48 of 2nd period - Stopped by Igor Shesterkin without a rebound.
2:49 of 2nd period - Joe Pavelski wins face-off versus Raphael Lavoie in New York Rangers zone.
3:04 of 2nd period - Snap shot by Cole Caufield.
3:04 of 2nd period - Stopped by Calvin Pickard without a rebound.
3:05 of 2nd period - Jared McCann wins face-off versus Teuvo Teravainen in Detroit Red Wings zone.
3:16 of 2nd period - Wrist shot by Steven Stamkos.
3:16 of 2nd period - Stopped by Igor Shesterkin without a rebound.
3:17 of 2nd period - Dylan Strome wins face-off versus Jared McCann in New York Rangers zone.
3:26 of 2nd period - Snap shot by Artemi Panarin.
3:26 of 2nd period - Stopped by Calvin Pickard with a rebound.
3:46 of 2nd period - Snap shot by Mika Zibanejad.
3:46 of 2nd period - Shot Blocked by Mathew Barzal.
4:16 of 2nd period - Snap shot by Marcus Foligno.
4:16 of 2nd period - Stopped by Calvin Pickard with a rebound.
4:22 of 2nd period - Minor Penalty to Matthew Boldy for Cross-checking.
4:23 of 2nd period - Kevin Stenlund wins face-off versus Dylan Strome in Detroit Red Wings zone.
6:22 of 2nd period - Penalty to Matthew Boldy is over, Matthew Boldy is back on ice.
6:39 of 2nd period - Dmitry Kulikov is hit by Zach Bogosian and loses puck.
7:13 of 2nd period - Dmitry Kulikov is hit by Keegan Kolesar.
7:37 of 2nd period - Mika Zibanejad is hit by Mathew Barzal and loses puck.
7:48 of 2nd period - Cam Fowler is hit by Christian Fischer and loses puck.
7:53 of 2nd period - Slapshot by Christian Fischer.
7:53 of 2nd period - Shot Blocked by Cam Fowler.
8:25 of 2nd period - Adam Larsson is hit by Brendan Gallagher and loses puck.
8:42 of 2nd period - Christian Fischer is hit by Adam Larsson.
8:54 of 2nd period - Shayne Gostisbehere is hit by Mikael Granlund and loses puck.
9:18 of 2nd period - Teuvo Teravainen is hit by Zach Bogosian and loses puck.
9:56 of 2nd period - Teuvo Teravainen is hit by Mika Zibanejad and loses puck.
10:09 of 2nd period - Joe Pavelski is hit by Jared McCann and loses puck.
10:43 of 2nd period - MacKenzie Weegar is hit by Mathew Barzal and loses puck.
11:53 of 2nd period - Snap shot by Shayne Gostisbehere.
11:53 of 2nd period - Deflect By Daniel Sprong.
11:53 of 2nd period - Deflect By Joe Pavelski.
11:53 of 2nd period - Stopped by Igor Shesterkin with a rebound.
11:55 of 2nd period - Slapshot by Christian Fischer.
11:55 of 2nd period - Stopped by Igor Shesterkin without a rebound.
11:56 of 2nd period - Mika Zibanejad wins face-off versus David Kampf in New York Rangers zone.
12:09 of 2nd period - Snap shot by David Kampf.
12:09 of 2nd period - Stopped by Calvin Pickard without a rebound.
12:10 of 2nd period - Steven Stamkos wins face-off versus Dylan Strome in Detroit Red Wings zone.
12:19 of 2nd period - Steven Stamkos is hit by Dylan Strome and loses puck.
12:46 of 2nd period - Snap shot by Artemi Panarin.
12:46 of 2nd period - Shot Misses the Net.
12:48 of 2nd period - Snap shot by Nathan MacKinnon.
12:48 of 2nd period - Shot Blocked by Jackson LaCombe.
13:06 of 2nd period - Snap shot by Matthew Boldy.
13:06 of 2nd period - Shot Misses the Net.
13:24 of 2nd period - Wrist shot by Steven Stamkos.
13:24 of 2nd period - Shot Misses the Net.
14:03 of 2nd period - Wrist shot by Nathan MacKinnon.
14:03 of 2nd period - Stopped by Calvin Pickard without a rebound.
14:04 of 2nd period - Mathew Barzal wins face-off versus Mika Zibanejad in Detroit Red Wings zone.
14:33 of 2nd period - Snap shot by Christian Fischer.
14:33 of 2nd period - Shot Misses the Net.
14:39 of 2nd period - Slapshot by Daniel Sprong.
14:39 of 2nd period - Shot Misses the Net.
14:58 of 2nd period - Slapshot by MacKenzie Weegar.
14:58 of 2nd period - Shot Blocked by Matthew Benning.
16:03 of 2nd period - Slapshot by Brendan Gallagher.
16:03 of 2nd period - Shot Blocked by Mikael Granlund.
16:27 of 2nd period - Teuvo Teravainen is hit by Matthew Boldy.
16:43 of 2nd period - Wrist shot by Patrick Kane.
16:43 of 2nd period - Shot Misses the Net.
16:59 of 2nd period - Cole Caufield is hit by Kevin Shattenkirk and loses puck.
17:04 of 2nd period - Slapshot by MacKenzie Weegar.
17:04 of 2nd period - Stopped by Igor Shesterkin without a rebound.
17:05 of 2nd period - Carter Verhaeghe wins face-off versus Mathew Barzal in New York Rangers zone.
17:14 of 2nd period - Slapshot by Carter Verhaeghe.
17:14 of 2nd period - Shot Misses the Net.
17:20 of 2nd period - Matthew Boldy is hit by Nikolaj Ehlers and loses puck.
17:46 of 2nd period - Dylan Strome is hit by Zach Bogosian and loses puck.
18:01 of 2nd period - Slapshot by Dmitry Kulikov.
18:01 of 2nd period - Stopped by Calvin Pickard with a rebound.
18:03 of 2nd period - Slapshot by Dmitry Kulikov.
18:03 of 2nd period - Shot Misses the Net.
18:05 of 2nd period - Snap shot by Marcus Foligno.
18:05 of 2nd period - Shot Blocked by Daniel Sprong.
18:07 of 2nd period - Snap shot by Conor Garland.
18:07 of 2nd period - Shot Blocked by Christian Fischer.
18:32 of 2nd period - Icing by Brendan Gallagher.
18:33 of 2nd period - Dylan Strome wins face-off versus Kevin Stenlund in Detroit Red Wings zone.
19:06 of 2nd period - Slapshot by Shayne Gostisbehere.
19:06 of 2nd period - Shot Blocked by Mikael Granlund.
19:12 of 2nd period - Snap shot by Brendan Gallagher.
19:12 of 2nd period - Deflect By Kevin Stenlund.
19:12 of 2nd period - Shot Misses the Net.
19:12 of 2nd period - Puck is out of play.
19:13 of 2nd period - Teuvo Teravainen wins face-off versus Steven Stamkos in New York Rangers zone.
19:38 of 2nd period - Brendan Smith is hit by Zachary Werenski and loses puck.
19:44 of 2nd period - Off-side.
19:45 of 2nd period - Dylan Strome wins face-off versus Mika Zibanejad in neutral zone.
19:58 of 2nd period - Dmitry Kulikov is hit by Mika Zibanejad and loses puck.
Goals for this period are 1 for New York Rangers vs 0 for Detroit Red Wings.
Shots for this period are 7 for New York Rangers vs 6 for Detroit Red Wings.
3rd period
0:01 of 3rd period - Steven Stamkos wins face-off versus Teuvo Teravainen in neutral zone.
0:09 of 3rd period - Jared McCann is hit by Adam Larsson and loses puck.
0:32 of 3rd period - Snap shot by Matthew Boldy.
0:32 of 3rd period - Stopped by Igor Shesterkin without a rebound.
0:33 of 3rd period - Mika Zibanejad wins face-off versus Joe Pavelski in New York Rangers zone.
0:42 of 3rd period - Wrist shot by Carter Verhaeghe.
0:42 of 3rd period - Stopped by Igor Shesterkin with a rebound.
0:52 of 3rd period - Icing by Matthew Boldy.
0:53 of 3rd period - Teuvo Teravainen wins face-off versus Mika Zibanejad in Detroit Red Wings zone.
0:58 of 3rd period - Slapshot by Mathew Barzal.
0:58 of 3rd period - Deflect By Mika Zibanejad.
0:58 of 3rd period - Stopped by Calvin Pickard with a rebound.
1:06 of 3rd period - Snap shot by Nikolaj Ehlers.
1:06 of 3rd period - Shot Blocked by Carter Verhaeghe.
1:16 of 3rd period - Slapshot by Carter Verhaeghe.
1:16 of 3rd period - Stopped by Igor Shesterkin without a rebound.
1:17 of 3rd period - Steven Stamkos wins face-off versus Artemi Panarin in New York Rangers zone.
1:27 of 3rd period - Wrist shot by Artemi Panarin.
1:27 of 3rd period - Deflect By Patrick Kane.
1:27 of 3rd period - Shot Misses the Net.
1:27 of 3rd period - Puck is out of play.
1:28 of 3rd period - Steven Stamkos wins face-off versus Nikolaj Ehlers in Detroit Red Wings zone.
1:35 of 3rd period - Teuvo Teravainen is hit by Jared McCann.
1:55 of 3rd period - Joe Pavelski is hit by Mika Zibanejad and loses puck.
2:24 of 3rd period - Wrist shot by Cole Caufield.
2:24 of 3rd period - Goal by Cole Caufield - New York Rangers : 3 - Detroit Red Wings : 3.
2:25 of 3rd period - Steven Stamkos wins face-off versus Teuvo Teravainen in neutral zone.
2:40 of 3rd period - Wrist shot by Nikolaj Ehlers.
2:40 of 3rd period - Stopped by Calvin Pickard with a rebound.
3:13 of 3rd period - Slapshot by Conor Garland.
3:13 of 3rd period - Stopped by Calvin Pickard without a rebound.
3:14 of 3rd period - David Kampf wins face-off versus Jared McCann in Detroit Red Wings zone.
3:15 of 3rd period - Wrist shot by Conor Garland.
3:15 of 3rd period - Stopped by Calvin Pickard with a rebound.
3:25 of 3rd period - Snap shot by Conor Garland.
3:25 of 3rd period - Deflect By Marcus Foligno.
3:25 of 3rd period - Shot Misses the Net.
3:25 of 3rd period - Puck is out of play.
3:26 of 3rd period - Teuvo Teravainen wins face-off versus Steven Stamkos in Detroit Red Wings zone.
3:31 of 3rd period - Wrist shot by Teuvo Teravainen.
3:31 of 3rd period - Shot Misses the Net.
3:33 of 3rd period - Wrist shot by Teuvo Teravainen.
3:33 of 3rd period - Shot Misses the Net.
3:35 of 3rd period - Wrist shot by Brendan Smith.
3:35 of 3rd period - Deflect By Nikolaj Ehlers.
3:35 of 3rd period - Stopped by Calvin Pickard with a rebound.
3:37 of 3rd period - Slapshot by Teuvo Teravainen.
3:37 of 3rd period - Stopped by Calvin Pickard with a rebound.
3:39 of 3rd period - Slapshot by Brendan Smith.
3:39 of 3rd period - Deflect By Nikolaj Ehlers.
3:39 of 3rd period - Shot Misses the Net.
3:39 of 3rd period - Puck is out of play.
3:40 of 3rd period - Dylan Strome wins face-off versus Carter Verhaeghe in Detroit Red Wings zone.
3:45 of 3rd period - Snap shot by Matthew Boldy.
3:45 of 3rd period - Shot Misses the Net.
3:47 of 3rd period - Minor Penalty to Jake McCabe for Holding.
3:48 of 3rd period - Mika Zibanejad wins face-off versus David Kampf in New York Rangers zone.
3:53 of 3rd period - Wrist shot by Mika Zibanejad.
3:53 of 3rd period - Shot Misses the Net.
3:55 of 3rd period - Snap shot by Zachary Werenski.
3:55 of 3rd period - Shot Misses the Net.
3:57 of 3rd period - Wrist shot by Matthew Boldy.
3:57 of 3rd period - Goal by Matthew Boldy - New York Rangers : 3 - Detroit Red Wings : 4.
3:58 of 3rd period - Dylan Strome wins face-off versus Steven Stamkos in neutral zone.
4:01 of 3rd period - Snap shot by Artemi Panarin.
4:01 of 3rd period - Stopped by Calvin Pickard without a rebound.
4:02 of 3rd period - Steven Stamkos wins face-off versus Dylan Strome in Detroit Red Wings zone.
4:02 of 3rd period - Steven Stamkos is hit by Matthew Benning.
4:38 of 3rd period - Wrist shot by Nikolaj Ehlers.
4:38 of 3rd period - Stopped by Calvin Pickard without a rebound.
4:39 of 3rd period - Raphael Lavoie wins face-off versus Joe Pavelski in Detroit Red Wings zone.
4:44 of 3rd period - Slapshot by Daniel Sprong.
4:44 of 3rd period - Shot Misses the Net.
4:46 of 3rd period - Snap shot by Raphael Lavoie.
4:46 of 3rd period - Shot Misses the Net.
4:48 of 3rd period - Backhand shot by Zach Bogosian.
4:48 of 3rd period - Stopped by Igor Shesterkin with a rebound.
4:50 of 3rd period - Slapshot by Shayne Gostisbehere.
4:50 of 3rd period - Stopped by Igor Shesterkin without a rebound.
4:51 of 3rd period - Steven Stamkos wins face-off versus Teuvo Teravainen in New York Rangers zone.
4:59 of 3rd period - Icing by Cam Fowler.
5:00 of 3rd period - Steven Stamkos wins face-off versus Teuvo Teravainen in New York Rangers zone.
5:05 of 3rd period - Snap shot by Patrick Kane.
5:05 of 3rd period - Shot Misses the Net.
5:33 of 3rd period - Backhand shot by Nikolaj Ehlers.
5:33 of 3rd period - Stopped by Calvin Pickard without a rebound.
5:34 of 3rd period - Mika Zibanejad wins face-off versus Dylan Strome in Detroit Red Wings zone.
5:55 of 3rd period - Artemi Panarin is hit by Matthew Boldy and loses puck.
7:22 of 3rd period - Wrist shot by Mika Zibanejad.
7:22 of 3rd period - Stopped by Igor Shesterkin without a rebound.
7:23 of 3rd period - Steven Stamkos wins face-off versus Joe Pavelski in New York Rangers zone.
7:36 of 3rd period - Wrist shot by Cole Caufield.
7:36 of 3rd period - Stopped by Calvin Pickard with a rebound.
9:33 of 3rd period - Icing by MacKenzie Weegar.
9:34 of 3rd period - Teuvo Teravainen wins face-off versus Carter Verhaeghe in Detroit Red Wings zone.
9:47 of 3rd period - Backhand shot by Teuvo Teravainen.
9:47 of 3rd period - Stopped by Calvin Pickard without a rebound.
9:48 of 3rd period - Dylan Strome wins face-off versus Steven Stamkos in Detroit Red Wings zone.
9:49 of 3rd period - Snap shot by Nathan MacKinnon.
9:49 of 3rd period - Shot Misses the Net.
9:51 of 3rd period - Snap shot by Dylan Strome.
9:51 of 3rd period - Shot Misses the Net.
9:53 of 3rd period - Snap shot by Nathan MacKinnon.
9:53 of 3rd period - Stopped by Calvin Pickard with a rebound.
9:59 of 3rd period - Snap shot by Nathan MacKinnon.
9:59 of 3rd period - Shot Misses the Net.
10:15 of 3rd period - Jake McCabe is hit by Mika Zibanejad and loses puck.
10:24 of 3rd period - Snap shot by Matthew Boldy.
10:24 of 3rd period - Stopped by Igor Shesterkin with a rebound.
10:26 of 3rd period - Slapshot by Mika Zibanejad.
10:26 of 3rd period - Deflect By Matthew Boldy.
10:26 of 3rd period - Shot Misses the Net.
10:26 of 3rd period - Puck is out of play.
10:27 of 3rd period - Teuvo Teravainen wins face-off versus Christian Fischer in New York Rangers zone.
10:29 of 3rd period - Minor Penalty to Brendan Smith for Interference.
10:30 of 3rd period - Marcus Foligno wins face-off versus Steven Stamkos in New York Rangers zone.
11:03 of 3rd period - Slapshot by Shayne Gostisbehere.
11:03 of 3rd period - Stopped by Igor Shesterkin without a rebound.
11:04 of 3rd period - David Kampf wins face-off versus Mika Zibanejad in New York Rangers zone.
12:29 of 3rd period - Penalty to Brendan Smith is over, Brendan Smith is back on ice.
12:34 of 3rd period - Snap shot by MacKenzie Weegar.
12:34 of 3rd period - Shot Misses the Net.
12:36 of 3rd period - Slapshot by Shayne Gostisbehere.
12:36 of 3rd period - Deflect By Christian Fischer.
12:36 of 3rd period - Shot Misses the Net.
12:36 of 3rd period - Puck is out of play.
12:37 of 3rd period - Raphael Lavoie wins face-off versus Dylan Strome in New York Rangers zone.
13:33 of 3rd period - Wrist shot by Cole Caufield.
13:33 of 3rd period - Stopped by Calvin Pickard without a rebound.
13:34 of 3rd period - Mika Zibanejad wins face-off versus Nathan MacKinnon in Detroit Red Wings zone.
13:41 of 3rd period - Adam Larsson is hit by Matthew Boldy and loses puck.
14:42 of 3rd period - Marcus Foligno is hit by Mika Zibanejad and loses puck.
15:11 of 3rd period - Snap shot by Steven Stamkos.
15:11 of 3rd period - Shot Blocked by Nathan MacKinnon.
15:17 of 3rd period - MacKenzie Weegar is hit by Cam Fowler and loses puck.
15:38 of 3rd period - Wrist shot by Teuvo Teravainen.
15:38 of 3rd period - Shot Misses the Net.
15:48 of 3rd period - Snap shot by MacKenzie Weegar.
15:48 of 3rd period - Deflect By Matthew Boldy.
15:48 of 3rd period - Shot Blocked by Jake McCabe.
15:48 of 3rd period - Puck is out of play.
15:49 of 3rd period - Joe Pavelski wins face-off versus Mika Zibanejad in New York Rangers zone.
15:49 of 3rd period - Joe Pavelski is hit by Mika Zibanejad.
16:20 of 3rd period - Wrist shot by Matthew Boldy.
16:20 of 3rd period - Stopped by Igor Shesterkin with a rebound.
16:22 of 3rd period - Slapshot by Kevin Shattenkirk.
16:22 of 3rd period - Stopped by Igor Shesterkin without a rebound.
16:23 of 3rd period - Marcus Foligno wins face-off versus Raphael Lavoie in New York Rangers zone.
16:28 of 3rd period - Snap shot by Conor Garland.
16:28 of 3rd period - Shot Blocked by Raphael Lavoie.
16:30 of 3rd period - Snap shot by David Kampf.
16:30 of 3rd period - Stopped by Calvin Pickard without a rebound.
16:31 of 3rd period - Raphael Lavoie wins face-off versus David Kampf in Detroit Red Wings zone.
16:31 of 3rd period - Raphael Lavoie is hit by David Kampf.
16:34 of 3rd period - Minor Penalty to Raphael Lavoie for Tripping.
16:35 of 3rd period - Dylan Strome wins face-off versus Kevin Stenlund in Detroit Red Wings zone.
18:34 of 3rd period - Penalty to Raphael Lavoie is over, Raphael Lavoie is back on ice.
18:44 of 3rd period - New York Rangers, Igor Shesterkin is pulled from the net.
18:48 of 3rd period - Wrist shot by Marcus Foligno.
18:48 of 3rd period - Stopped by Calvin Pickard without a rebound.
18:49 of 3rd period - Bill Peters call a timeout for New York Rangers.
18:49 of 3rd period - Dylan Strome wins face-off versus Mika Zibanejad in Detroit Red Wings zone.
19:20 of 3rd period - Carter Verhaeghe is hit by Jake McCabe and loses puck.
Goals for this period are 1 for New York Rangers vs 1 for Detroit Red Wings.
Shots for this period are 16 for New York Rangers vs 11 for Detroit Red Wings.
Back to the Top